 Dungeon Crawl Stone Soup version 0.28.0-53-g5a82cb258f (webtiles) character file.

Game seed: 10250695940301514437

186 Zeld the Conjurer (level 5, 0/28 HPs)
             Began as a Deep Elf Conjurer on May 24, 2022.
             Asphyxiated
             ... on level 3 of the Dungeon.
             The game lasted 00:02:54 (2666 turns).

Zeld the Conjurer (Deep Elf Conjurer)               Turns: 2666, Time: 00:02:54

Health: 0/28       AC:  4    Str:  4    XL:     5   Next: 38%
Magic:  14/14      EV: 12    Int: 25    God:
Gold:   108        SH:  0    Dex: 13    Spells: 3/14 levels left

rFire   . . .      SeeInvis .   a - +2 dagger (venom)
rCold   . . .      Faith    .   (no shield)
rNeg    . . .      Spirit   .   l - +0 robe
rPois   .          Reflect  .   (no helmet)
rElec   .          Harm     .   (no cloak)
rCorr   .          Rampage  .   h - +0 pair of gloves
Will    .....                   q - +0 pair of boots
Stlth   ++........              (no amulet)
HPRegen 0.09/turn               (no ring)
MPRegen 0.14/turn               (no ring)

@: lethally poisoned (0 -> -21)
A: no striking features
a: no special abilities


You were on level 3 of the Dungeon.
You visited 1 branch of the dungeon, and saw 3 of its levels.

You collected 108 gold pieces.

Inventory:

Hand Weapons
 a - a +2 dagger of venom (weapon)
Armour
 h - a +0 pair of gloves (worn)
 l - a +0 robe (worn)
 q - a +0 pair of boots (worn)
Wands
 j - a wand of polymorph (6)
 n - a wand of paralysis (10)
Scrolls
 b - 3 scrolls of enchant armour {unknown}
 c - 4 scrolls of identify {unknown}
 d - a scroll of magic mapping {unknown}
 g - a scroll of teleportation {unknown}
 o - a scroll of torment {unknown}
 r - a scroll of vulnerability {unknown}
Potions
 e - a potion of might {unknown}
 f - 4 potions of heal wounds {unknown}
 i - a potion of magic {unknown}
 k - 2 potions of curing {unknown}
 m - 2 potions of attraction {unknown}
 p - a potion of brilliance {unknown}


   Skills:
 - Level 2.4 Dodging
 - Level 2.4 Stealth
 * Level 5.2 Spellcasting
 * Level 5.6 Conjurations
 - Level 2.0 Hexes
 - Level 2.0 Translocations


You had 3 spell levels left.
You knew the following spells:

 Your Spells              Type           Power      Damage    Failure   Level
a - Magic Dart            Conj           100%       1d8       1%          1
b - Searing Ray           Conj           68%        2d6       1%          2
c - Fulminant Prism       Conj/Hex       12%        3d9       17%         4
d - Iskenderun's Mystic   Conj/Tloc      25%        2d7       17%         4

Your spell library contained the following spells:

 Spells                   Type           Power      Damage    Failure   Level
 Dazzling Flash           Conj/Hex       50%        N/A       4%          3
 Gell's Gravitas          Tloc           16%        N/A       11%         3
 Lesser Beckoning         Tloc           16%        N/A       11%         3
 Teleport Other           Tloc           16%        N/A       11%         3
 Summon Forest            Summ/Tloc      5%         N/A       83%         5
 Summon Mana Viper        Hex/Summ       11%        N/A       83%         5
 Summon Cactus Giant      Summ           3%         N/A       100%        6


Dungeon Overview and Level Annotations

Branches:
Dungeon (3/15)

Altars:


Message History

The kobold brigand moves out of view.
You feel very sick.
The kobold shouts!
The kobold brigand throws a poisoned dart.
The poisoned dart hits you!
You are more poisoned.
You feel very sick.
The kobold brigand throws a poisoned dart.
The poisoned dart barely misses you.
The kobold brigand throws a poisoned dart.
The poisoned dart misses you.
You feel sick.
You feel sick.
You feel sick.
You feel sick.
You feel sick.
The kobold brigand throws a poisoned dart.
The poisoned dart hits you!
You are more poisoned.
You feel very sick.
* * * LOW HITPOINT WARNING * * *
You feel sick.
You feel sick.
* * * LOW HITPOINT WARNING * * *
You feel sick.
You feel sick.
The kobold brigand shouts!
You feel sick.
You feel sick.
The kobold brigand throws a poisoned dart.
The poisoned dart closely misses you.
You feel sick.
You are no longer poisoned.
The kobold brigand throws a curare-tipped dart.
The curare-tipped dart closely misses you.
The kobold brigand throws a curare-tipped dart.
The curare-tipped dart hits you.
You are lethally poisoned!
You have difficulty breathing.
You die...

#.............####
#..##...###...#
#..##.....#########
#..###.....#....... #..#
#............# #..#
##....#.####.# ##########
#..####.#.##.####.#
K........######....##.#.##.#.....
########.K......@<>.....##.#.....
..K..# ######.#.##......##.#>....
####.# ##.#..#####.#.##....... .#
#.# ####)###.### #.#..###<>...
.###.###..(####...###.#...##.....
.................................
K................................
....≈≈≈≈≈≈.≈.≈.≈≈≈÷≈≈≈≈≈≈.≈.≈≈...
.....≈≈≈≈≈≈≈≈≈≈≈≈≈≈≈≈≈≈≈≈≈≈≈≈≈≈≈≈


You could see a kobold brigand.

Vanquished Creatures
  A jelly (D:3)
  Jessica (D:2)
  An orc wizard (D:3)
  Ijyb (D:3)
  4 adders
  3 orcs (D:3)
  An endoplasm (D:2)
  2 giant cockroaches
  7 goblins
  3 hobgoblins (D:2)
  3 quokkas
  4 ball pythons (D:3)
  5 bats
  5 frilled lizards
  4 kobolds
  2 rats
47 creatures vanquished.

Notes
Turn   | Place    | Note
-------+----------+-------------------------------------------
     0 | D:1      | Zeld the Deep Elf Conjurer began the quest for the Orb.
     0 | D:1      | Reached XP level 1. HP: 10/10 MP: 6/6
   439 | D:1      | Reached XP level 2. HP: 15/15 MP: 5/8
   442 | D:1      | Learned a level 2 spell: Searing Ray
   486 | D:1      | Found a faded altar of an unknown god.
   756 | D:2      | Reached skill level 1 in Hexes
   866 | D:2      | Reached skill level 1 in Translocations
   866 | D:2      | Reached XP level 3. HP: 19/19 MP: 6/10
  1246 | D:2      | Noticed Jessica
  1256 | D:2      | Killed Jessica
  1257 | D:2      | Reached skill level 5 in Conjurations
  1368 | D:2      | Reached XP level 4. HP: 24/24 MP: 6/12
  1373 | D:2      | Learned a level 4 spell: Fulminant Prism
  1378 | D:2      | Learned a level 4 spell: Iskenderun's Mystic Blast
  1717 | D:3      | Noticed Ijyb
  1737 | D:3      | Killed Ijyb
  2233 | D:3      | Reached XP level 5. HP: 28/28 MP: 9/14
  2288 | D:3      | Reached skill level 5 in Spellcasting
  2666 | D:3      | Asphyxiated

Illustrated notes

Levels and vault maps discovered:
D:1:      dpeg_arrival_lava_temple_mockup, layout_basic,
          ebering_ecumenical_altar_petrified
D:2:      layout_rooms, uniq_jessica
D:3:      minmay_goblin_kobold_castle, layout_loops_ring, minmay_bisected,
          uniq_ijyb, uniq_sigmund

Skill      XL: |  1  2  3  4  5 |
---------------+----------------+-----
Hexes          | 1 2 |  2.0
Translocations | 1 2 |  2.0
Spellcasting   | 4 5 |  5.2
Conjurations   | 5 |  5.6
Dodging        | |  2.4
Stealth        | |  2.4

Action                   |  1- 3 |  4- 6 || total
-------------------------+-------+-------++-------
Melee: Unarmed           |     1 |       ||     1
       Dagger            |     1 |    49 ||    50
 Cast: Magic Dart        |    17 |       ||    17
       Searing Ray       |    16 |     4 ||    20
 Stab: Sleeping          |       |     2 ||     2
Armor: Robe              |       |    24 ||    24
Dodge: Dodged            |     8 |    42 ||    50
